 Dungeon Crawl Stone Soup version 0.22.0 (webtiles) character file.

224 Blackhawk the Shield-Bearer (level 6, -1/49 HPs)
             Began as a Formicid Fighter on Oct 24, 2018.
             Slain by a killer bee (2 damage)
             ... on level 5 of the Dungeon.
             The game lasted 00:06:13 (3054 turns).

Blackhawk the Shield-Bearer (Formicid Fighter)      Turns: 3054, Time: 00:06:14

Health: -1/49      AC: 14    Str: 21 (23) XL:     6   Next: 20%
Magic:  6/6        EV:  5    Int:  4 (7)  God:
Gold:   131        SH:  9    Dex:  7 (10) Spells: 5/5 levels left

rFire    . . .     SeeInvis +   a - +0 flail
rCold    . . .     Gourm    .   c - +0 shield
rNeg     . . .     Faith    .   h - +0 plate armour
rPois    .         Spirit   .   (helmet unavailable)
rElec    .         Reflect  .   u - +0 cloak (curse)
rCorr    .         Harm     .   (no gloves)
MR       .....                  p - +0 pair of boots
Stlth    ..........             (no amulet)
HPRegen  0.56/turn              (no ring)
MPRegen  0.10/turn              (no ring)

@: lethally poisoned (-1 -> -6)
A: permanent stasis, dig shafts and tunnels, four strong arms, antennae 3, claws
1, regeneration 1
a: Dig, Shaft Self


You were on level 5 of the Dungeon.
You were hungry.

You visited 1 branch of the dungeon, and saw 5 of its levels.

You collected 131 gold pieces.

Inventory:

Hand Weapons
 a - a +0 flail (weapon)
 i - a cursed -2 morningstar
 t - a +0 hunting sling
Missiles
 l - 109 stones (quivered)
Armour
 b - a +0 scale mail
 c - a +0 shield (worn)
 h - a +0 plate armour (worn)
 p - a +0 pair of boots (worn)
 u - a cursed +0 cloak (worn)
Jewellery
 k - an uncursed ring of flight {unknown}
 o - an uncursed ring of ice {unknown}
 w - an uncursed amulet of faith {unknown}
Scrolls
 e - a scroll of magic mapping {unknown}
 g - a scroll of teleportation {unknown}
 j - a scroll of enchant weapon {unknown}
 q - 3 scrolls of noise {unknown}
 r - 5 scrolls of identify {unknown}
 v - a scroll of amnesia {unknown}
 x - a scroll of random uselessness {unknown}
Potions
 d - 2 potions of might
 z - a potion of brilliance {unknown}
 A - a potion of flight {unknown}
 B - a potion of ambrosia {unknown}
 C - a potion of resistance {unknown}
 E - a potion of curing {unknown}
Comestibles
 f - 11 rations
 D - 4 chunks of flesh


   Skills:
 + Level 4.5 Fighting
 + Level 3.4 Maces & Flails
 + Level 4.5 Armour
 + Level 5.0 Shields


You had 5 spell levels left.
You didn't know any spells.
Your spell library was empty.

Dungeon Overview and Level Annotations

Branches:
Dungeon (5/15)
 Temple: D:4-7

Altars:
Fedhas
Kikubaaqudgha
Qazlal
Uskayaw
The Shining One


Innate Abilities, Weirdness & Mutations

You cannot be hasted, slowed, berserked, paralysed or teleported.
You can dig through walls and to a lower floor.
Your four strong arms can wield two-handed weapons with a shield.
You have a pair of large antennae on your head. (SInv)
You have sharp fingernails.
Your natural rate of healing is unusually fast.


Message History

The killer bee poisons you! You block the killer bee's attack.
The killer bee stings you but does no damage.
You block the killer bee's attack. The killer bee barely misses you.
The killer bee stings you.
* * * LOW HITPOINT WARNING * * *
It was a potion of mutation.
You feel extremely strange.
You begin to heal more quickly.
Your fingernails lengthen.
You feel sick. You block the killer bee's attack.
The killer bee stings you but does no damage.
The killer bee stings you!
* * * LOW HITPOINT WARNING * * *
The killer bee barely misses you.
It was a potion of degeneration.
There was something very wrong with that liquid.
You feel weakened.
You feel dopey.
You feel clumsy.
* * * LOW HITPOINT WARNING * * *
You feel sick.
The killer bee stings you but does no damage.
The killer bee stings you.
You die...

. .# ..
#$ #. #.
###?##.##
.......@#
#####.yy#
......#
..###.#.#
..#.#
####.#
#.# { #..


You could see 2 killer bees.

Vanquished Creatures
  3 worker ants (D:4)
  5 adders
  5 worms
  5 dart slugs
  3 leopard geckos
  10 bats
  A bat zombie (D:2)
  A giant cockroach (D:3)
  6 goblins
  12 hobgoblins
  5 jackals
  9 kobolds
  2 quokkas (D:4)
  6 frilled lizards
  10 rats
83 creatures vanquished.

Notes
Turn   | Place    | Note
-------+----------+-------------------------------------------
     0 | D:1      | Blackhawk the Formicid Fighter began the quest for the Orb.
     0 | D:1      | Reached XP level 1. HP: 18/18 MP: 1/1
   324 | D:1      | Reached XP level 2. HP: 23/24 MP: 2/2
   483 | D:1      | Reached XP level 3. HP: 27/29 MP: 3/3
   504 | D:1      | Reached skill level 4 in Shields
   953 | D:2      | Found an ancient bone altar of Kikubaaqudgha.
  1326 | D:2      | Reached XP level 4. HP: 37/37 MP: 4/4
  1680 | D:3      | Found a blossoming altar of Fedhas.
  1682 | D:3      | Found a stormy altar of Qazlal.
  1839 | D:3      | Reached XP level 5. HP: 33/42 MP: 5/5
  1983 | D:3      | Found a glowing golden altar of the Shining One.
  2143 | D:3      | Found a hide-covered altar of Uskayaw.
  2415 | D:3      | Found a faded altar of an unknown god.
  2923 | D:4      | Reached XP level 6. HP: 48/49 MP: 6/6
  2975 | D:4      | Reached skill level 5 in Shields
  3041 | D:5      | Entered Level 5 of the Dungeon
  3053 | D:5      | Gained mutation: Your natural rate of healing is unusually fast. [potion of mutation]
  3053 | D:5      | Gained mutation: You have sharp fingernails. [potion of mutation]
  3054 | D:5      | HP: 1/49 [poisoned by a killer bee]
  3054 | D:5      | Slain by a killer bee

Skill      XL: |  1  2  3  4  5  6 |
---------------+-------------------+-----
Shields        | 4 5 |  5.0
Fighting       | 4 |  4.5
Armour         | 4 |  4.5
Maces & Flails | 3 |  3.4

Action                   |  1- 3 |  4- 6 || total
-------------------------+-------+-------++-------
Melee: Flail             |   117 |   216 ||   333
  Use: Potion            |       |     4 ||     4
  Eat: Chunk             |     2 |     5 ||     7
Armor: Scale mail        |    11 |       ||    11
       Plate armour      |    68 |   153 ||   221
Dodge: Dodged            |    24 |    57 ||    81
Block: Shield            |    68 |   142 ||   210
